 Dungeon Crawl Stone Soup version 0.30.0-13-g156ef70053 (webtiles) character file.

Game seed: 17656307418220165931

2485 KingMidas the Zephyrmancer (level 9, -1/64 HPs)
             Began as a Black Draconian Transmuter on May 17, 2023.
             Slain by a yak (17 damage)
             ... on level 8 of the Dungeon on May 18, 2023.
             The game lasted 00:17:08 (6560 turns).

KingMidas the Zephyrmancer (DrTm)                   Turns: 6560, Time: 00:17:08

Health: -1/64      AC:  2    Str: 19    XL:     9   Next: 27%
Magic:  15/15      EV: 24    Int: 17    God:
Gold:   363        SH:  0    Dex: 17    Spells: 3/16 levels left

rFire   . .          .
                       - Unarmed
rCold   . . .        (shield currently unavailable)
rNeg    + . .        (body armour unavailable)
rPois   x            (helmet currently unavailable)
rElec   .            (cloak currently unavailable)
rCorr   .            e - melded +1 pair of gloves
SInv    .            (boots currently unavailable)
Will    .....        n - macabre finger necklace {Finger+ rN+}
Stlth   ++           d - ring of wizardry
HPRegen 0.30/turn    b - +5 ring of evasion
MPRegen 0.14/turn    q - +6 ring of strength

%: wizardry (x1)
@: spider-form (expiring)
A: venomous fangs, (breathe lightning), AC +7, tiny, unfitting armour,
(electricity resistance), (cold-blooded)
a: End Transformation


You were on level 8 of the Dungeon.
You were a venomous arachnid creature.
You visited 1 branch of the dungeon, and saw 6 of its levels.
You also visited: Sewer.

You collected 363 gold pieces.

Inventory:

Armour
 e - a +1 pair of gloves (melded)
Jewellery
 a - an amulet of guardian spirit
 b - a +5 ring of evasion (right front pincers)
 d - a ring of wizardry (left front pincers)
 n - the macabre finger necklace (around neck) {Finger+ rN+}
   (You took it off an orc wizard on level 7 of the Dungeon)

   [amulet of nothing]

   Finger+:   It enables you to equip an extra ring.
   rN:        It protects you from negative energy.
 q - a +6 ring of strength (on amulet)
Wands
 c - a wand of iceblast (8)
 m - a wand of digging (4)
 p - a wand of charming (2)
Scrolls
 l - a scroll of torment
 r - a scroll of immolation {unknown}
Potions
 f - 2 potions of magic
 g - 2 potions of resistance
 h - 3 potions of haste
 i - a potion of ambrosia {unknown}
 j - 3 potions of brilliance {unknown}
 k - a potion of invisibility
 o - 3 potions of degeneration {unknown}


   Skills:
 - Level 1.1 Fighting
 - Level 1.7 Dodging
 - Level 5.0 Unarmed Combat
 - Level 4.1 Spellcasting
 - Level 3.0 Translocations
 - Level 7.6 Transmutations
 + Level 8.7 Air Magic
 - Level 2.0 Poison Magic


You had 3 spell levels left.
You knew the following spells:

 Your Spells              Type           Power      Damage    Failure   Level
a - Beastly Appendage     Tmut           58%        N/A       1%          1
b - Spider Form           Tmut/Pois      19%        N/A       7%          3
c - Blink                 Tloc           26%        N/A       8%          2
d - Storm Form            Tmut/Air       15%        N/A       92%         7

Your spell library contained the following spells:

 Spells                   Type           Power      Damage    Failure   Level
 Wereblood                Tmut           29%        N/A       2%          2
 Swiftness                Air            33%        N/A       2%          3
 Passwall                 Tmut/Erth      13%        N/A       6%          2
 Gell's Gravitas          Tloc           13%        N/A       13%         3
 Teleport Other           Tloc           13%        N/A       13%         3
 Ensorcelled Hibernation  Hex/Ice        6%         N/A       21%         2
 Dazzling Flash           Conj/Hex       6%         N/A       32%         3
 Ice Form                 Ice/Tmut       16%        N/A       26%         4
 Manifold Assault         Tloc           13%        N/A       32%         4
 Silence                  Hex/Air        9%         N/A       43%         5
 Agony                    Necr           3%         N/A       92%         5
 Dispersal                Tloc           6%         N/A       98%         6


Dungeon Overview and Level Annotations

Branches:
Dungeon (8/15)              Sewer (visited)
 Temple: D:4-7         Lair: D:8-11

Altars:
Ashenzari
Nemelex Xobeh
Qazlal
Trog
Yredelemnul


Innate Abilities, Weirdness & Mutations

You are a venomous arachnid creature.
You have venomous fangs.
You are tiny and dextrous.
Your spellcasting is less reliable in this form.
Your armour is entirely melded.
You are incapable of wielding weapons or throwing items.
((You can breathe wild blasts of lightning.))
((Your glossy black scales are hard. (AC +7)))
You cannot fit into any form of body armour.
((You are resistant to electric shocks. (rElec)))
((You are cold-blooded and may be slowed by cold attacks.))


Message History

You bite the yak!
The yak is moderately wounded.
You hit the yak.
The yak is heavily wounded.
The yak closely misses you. The yak closely misses you.
You hit the yak.
The yak is severely wounded.
The yak misses you. x2
The yak attacks as you move away! The yak gores you.
The yak attacks as you move away! The yak closely misses you.
The yak attacks as you move away! The yak misses you.
The yak attacks as you move away! The yak misses you. The yak gores you!
There is an open door here.
You hit the yak.
The yak is almost dead.
The yak gores you! The yak completely misses you.
You kill the yak!
You hit the yak.
The yak is poisoned.
The yak is lightly wounded.
You bite the yak!
The yak looks as sick as possible!
The yak is moderately wounded.
The yak misses you.
You hit the yak.
The yak looks as sick as possible!
The yak is heavily wounded.
The yak misses you.
You hit the yak but do no damage.
The yak looks as sick as possible!
The yak is severely wounded.
Your transformation is almost over.
The yak barely misses you.
You barely miss the yak.
The yak is severely wounded.
You hit the yak.
The yak looks as sick as possible!
The yak is almost dead.
The yak gores you! x2
* * * LOW HITPOINT WARNING * * *
The yak closely misses you. The yak attacks as you move away!
The yak gores you!
You die...

#.... #....'.. #....
#######'###..
#....######.....#...#..
#...............'...###
#..........)....#......
#...............#......
#...............#######
######'##########.#####
#.s..'....#........
#YY..#....+........
##'###....#........
#####....##+###..###.##
#........#...##..######
#........#...))........
#........#...).........
#....#####...##..##..##
##'### #...##..##..##


You could see 2 yaks.

Vanquished Creatures
  4 yaks (D:8)
  2 steam dragons (D:8)
  A water moccasin (D:7)
  Pargi (D:3)
  Duvessa (D:7)
  2 orc warriors
  A sky beast (D:7)
  An ice beast (D:7)
  A phantom (D:7)
  A kobold brigand (D:8)
  4 bullfrogs
  Dowan (D:7)
  2 howler monkeys (D:8)
  An electric eel (D:7)
  An orc priest (D:7)
  Jessica (D:3)
  An iguana (D:3)
  Ijyb (D:3)
  3 orc wizards
  Natasha (twice) (D:3)
  6 gnolls (D:7)
  3 adders
  A white imp (D:7)
  3 worms
  13 orcs
  6 ball pythons
  9 bats
  5 endoplasms
  4 giant cockroaches
  8 hobgoblins
  23 kobolds
  6 quokkas
  4 frilled lizards
  9 goblins
  7 rats
139 creatures vanquished.

Vanquished Creatures (others)
  2 goblins (D:3)
2 creatures vanquished.

Grand Total: 141 creatures vanquished

Notes
Turn   | Place    | Note
-------+----------+-------------------------------------------
     0 | D:1      | KingMidas the Draconian Transmuter began the quest for the
                  | Orb.
     0 | D:1      | Reached XP level 1. HP: 16/16 MP: 3/3
   320 | D:1      | Reached XP level 2. HP: 19/20 MP: 3/5
  1136 | D:2      | Reached XP level 3. HP: 27/28 MP: 4/6
  1806 | D:3      | Noticed Jessica
  1814 | D:3      | Killed Jessica
  1815 | D:3      | Reached XP level 4. HP: 35/35 MP: 5/7
  1851 | D:3      | Noticed Natasha
  1860 | D:3      | Killed Natasha
  1923 | D:3      | Noticed Pargi
  1952 | D:2      | Learned a level 3 spell: Spider Form
  1955 | D:2      | Learned a level 2 spell: Blink
  1970 | D:3      | Killed Pargi
  1971 | D:3      | Reached XP level 5. HP: 24/40 MP: 5/8
  2115 | D:3      | Reached skill level 5 in Unarmed Combat
  2226 | D:3      | Noticed Ijyb
  2238 | D:3      | Killed Ijyb
  2310 | D:3      | Found a bloodstained altar of Trog.
  2392 | D:3      | Reached XP level 6. HP: 47/47 MP: 9/9
  2928 | D:3      | Noticed Natasha
  2938 | D:3      | Killed Natasha
  2939 | D:3      | Reached skill level 5 in Transmutations
  3340 | D:4      | Found a glowing drain.
  3369 | Sewer    | Entered a sewer
  3749 | D:4      | You fall into a shaft and drop 3 floors!
  3757 | D:7      | Found a basalt altar of Yredelemnul.
  3760 | D:7      | Found a broken altar of Ashenzari.
  3763 | D:7      | Found a stormy altar of Qazlal.
  3766 | D:7      | Found a sparkling altar of Nemelex Xobeh.
  3785 | D:7      | Noticed an orc warrior
  3791 | D:7      | Reached skill level 1 in Translocations
  3791 | D:7      | Reached skill level 1 in Poison Magic
  3807 | D:7      | Noticed a water moccasin
  3811 | D:7      | Killed a water moccasin
  3834 | D:7      | Your scales start taking on a glossy black colour.
  3834 | D:7      | Reached XP level 7. HP: 21/52 MP: 9/11
  3834 | D:7      | Gained mutation: You are resistant to electric shocks.
                  | (rElec) [Black Draconian growth]
  4418 | D:7      | Reached XP level 8. HP: 20/59 MP: 11/13
  4725 | D:7      | Noticed Duvessa
  4726 | D:7      | Noticed Dowan
  4744 | D:7      | Killed Duvessa
  4755 | D:7      | Killed Dowan
  5553 | D:8      | Reached skill level 1 in Air Magic
  5562 | D:8      | Reached skill level 2 in Air Magic
  5566 | D:8      | Reached skill level 3 in Air Magic
  5704 | D:8      | Reached skill level 5 in Air Magic
  5712 | D:8      | Learned a level 7 spell: Storm Form
  5958 | D:8      | Reached skill level 6 in Air Magic
  6090 | D:8      | Reached skill level 7 in Air Magic
  6090 | D:8      | Reached XP level 9. HP: 37/64 MP: 13/15
  6379 | D:8      | Reached skill level 8 in Air Magic
  6560 | D:8      | Slain by a yak

Illustrated notes

Levels and vault maps discovered:
D:1:      dpeg_arrival_fog, layout_basic
D:2:      layout_loops_corners, nicolae_eternal_life
D:3:      layout_loops_corners, trog_hazing_becter,
          chequers_serial_rivers_small_a, uniq_jessica, uniq_natasha,
          uniq_pargi, uniq_ijyb
D:4:      layout_basic, gup_sewer_entry_pipe
D:7:      layout_gridville, grunt_temple_overflow_cloverleaf, nicolae_sextant,
          kennysheep_big_empty_room, nicolae_concentric_dashed_squares_mild,
          uniq_duvessa
D:8:      layout_gridville, chequers_decorated_corner

Skill      XL: |  1  2  3  4  5  6  7  8  9 |
---------------+----------------------------+-----
Transmutations | 3 4 5 6 7 |  7.6
Unarmed Combat | 4 5 |  5.0
Translocations | 1 2 3 |  3.0
Poison Magic   | 1 2 |  2.0
Spellcasting   | 3 4 |  4.1
Air Magic      | 7 8 |  8.7
Fighting       | |  1.1
Dodging        | |  1.7

Action                     |  1- 3 |  4- 6 |  7- 9 || total
---------------------------+-------+-------+-------++-------
  Melee: Unarmed           |    88 |   209 |   194 ||   491
         Kick              |    13 |     8 |       ||    21
         Headbutt          |     9 |     5 |       ||    14
         Tailslap          |     9 |    15 |     5 ||    29
         Punch             |     1 |     6 |     1 ||     8
   Cast: Beastly Appendage |    20 |    10 |     1 ||    31
         Spider Form       |       |    10 |    15 ||    25
  Evoke: Wand              |       |       |     8 ||     8
    Use: Scroll            |     7 |     7 |       ||    14
         Potion            |       |     5 |     3 ||     8
 Armour: Skin              |    34 |    62 |    19 ||   115
  Dodge: Dodged            |    54 |   159 |   187 ||   400
